 Dungeon Crawl Stone Soup version 0.29-a0-330-g52719c12eb (webtiles) character file.

Game seed: 16448124780397804855

1418 kae the Firebug (level 8, -7/57 HPs)
             Began as a Demigod Fire Elementalist on Apr 29, 2022.
             Mangled by p0werm0de's ghost (15 damage)
             ... on level 5 of the Dungeon.
             The game lasted 00:06:15 (6563 turns).

kae the Firebug (Demigod Fire Elementalist)         Turns: 6563, Time: 00:06:16

Health: -7/57      AC:  3    Str: 17    XL:     8   Next: 20%
Magic:  18/19      EV: 12    Int: 29    God:
Gold:   279        SH:  0    Dex: 14    Spells: 4/17 levels left

rFire   . . .      SeeInvis +   w - +6 trident "Ogreslayer" {vorpal, Fragile rElec rC++ Str+8}
rCold   + + .      Faith    .   (no shield)
rNeg    . . .      Spirit   .   a - +0 robe
rPois   +          Reflect  .   (no helmet)
rElec   +          Harm     .   o - +0 cloak
rCorr   .          Rampage  .   (no gloves)
Will    .....                   (no boots)
Stlth   ++........              u - amulet "Onikhleq" {rPois Regen+ Int+4 SInv}
HPRegen 0.99/turn               (no ring)
MPRegen 0.16/turn               (no ring)

@: no status effects
A: high MP 1, forlorn, divine attributes
a: no special abilities


You were on level 5 of the Dungeon.
You visited 1 branch of the dungeon, and saw 5 of its levels.
You also visited: Sewer.

You collected 279 gold pieces.

Inventory:

Hand Weapons
 e - a +0 short sword
 w - the +6 trident "Ogreslayer" (weapon) {vorpal, Fragile rElec rC++ Str+8}
   (You found it on level 4 of the Dungeon)

   It inflicts extra damage upon your enemies.
   Str:       It affects your strength (+8).
   rC:        It greatly protects you from cold.
   rElec:     It insulates you from electricity.
   Fragile:   It will be destroyed if unequipped.
Armour
 a - a +0 robe (worn)
 o - a +0 cloak (worn)
Jewellery
 h - an amulet of magic regeneration
 u - the amulet "Onikhleq" (around neck) {rPois Regen+ Int+4 SInv}
   (You acquired it on level 4 of the Dungeon)

   [amulet of regeneration]

   Int:       It affects your intelligence (+4).
   rPois:     It protects you from poison.
   SInv:      It lets you see invisible.
   Regen:     It increases your rate of health regeneration.
 y - a ring of ice
Wands
 f - a wand of polymorph (12)
 x - a wand of mindburst (4)
Scrolls
 j - a scroll of fog
 l - 6 scrolls of teleportation
 m - 2 scrolls of summoning
 q - 4 scrolls of fear
 r - a scroll of noise
 v - a scroll of identify
Potions
 b - a potion of magic
 c - a potion of ambrosia
 d - a potion of resistance
 g - a potion of degeneration
 i - 3 potions of heal wounds
 k - a potion of invisibility
 n - 2 potions of flight
 p - 5 potions of curing
 s - 2 potions of lignification {unknown}
 t - a potion of brilliance {unknown}
 z - a potion of might {unknown}


   Skills:
 - Level 1.7 Dodging
 - Level 1.7 Stealth
 + Level 5.3 Spellcasting
 + Level 5.4 Conjurations
 + Level 6.1 Fire Magic


You had 4 spell levels left.
You knew the following spells:

 Your Spells              Type           Power      Damage    Failure   Level
a - Foxfire               Conj/Fire      100%       2x1d9     1%          1
b - Scorch                Fire           86%        2d9       1%          2
c - Conjure Flame         Conj/Fire      41%        6-21      1%          3
d - Inner Flame           Hex/Fire       25%        N/A       5%          3
e - Flame Wave            Conj/Fire      41%        2d9       5%          4

Your spell library contained the following spells:

 Spells                   Type           Power      Damage    Failure   Level


Dungeon Overview and Level Annotations

Branches:
Dungeon (5/15)             Temple (0/1) D:5           Sewer (visited)

Shops:
D:1 (

Annotations:
D:5 p0werm0de's ghost, novice VSFi


Innate Abilities, Weirdness & Mutations

You have an increased reservoir of magic. (+10% MP)
You shall have no god before yourself.
Your divine heritage dramatically boosts your attributes as you level up.


Message History

P0werm0de's ghost turns its malevolent gaze towards you.
P0werm0de's ghost is nearby!
You start waiting.
P0werm0de's ghost is nearby!
Casting: Flame Wave (dangerous; 5% risk of failure)
Confirm with . or Enter, or press ? or * to list all spells.
The fire begins to smoulder!
The fire ignites!
You barely miss p0werm0de's ghost.
P0werm0de's ghost is engulfed in blazing flames.
P0werm0de's ghost hits you!
You hit p0werm0de's ghost but do no damage.
P0werm0de's ghost is lightly damaged.
P0werm0de's ghost is engulfed in blazing flames.
P0werm0de's ghost closely misses you.
You hit p0werm0de's ghost but do no damage.
P0werm0de's ghost is moderately damaged.
P0werm0de's ghost is engulfed in blazing flames.
P0werm0de's ghost hits you!
You completely miss p0werm0de's ghost.
P0werm0de's ghost is moderately damaged.
P0werm0de's ghost is engulfed in blazing flames.
P0werm0de's ghost barely misses you.
P0werm0de's ghost is engulfed in blazing flames.
P0werm0de's ghost hits you!
You hit p0werm0de's ghost but do no damage.
P0werm0de's ghost is heavily damaged.
P0werm0de's ghost is engulfed in blazing flames.
P0werm0de's ghost hits you!
* * * LOW HITPOINT WARNING * * *
You hit p0werm0de's ghost but do no damage.
P0werm0de's ghost is severely damaged.
P0werm0de's ghost hits you!
* * * LOW HITPOINT WARNING * * *
You hit p0werm0de's ghost.
P0werm0de's ghost is almost destroyed.
P0werm0de's ghost is engulfed in blazing flames.
P0werm0de's ghost laughs crazily.
P0werm0de's ghost hits you!
You die...

###.....####..####....## ###
###....# ##.......[<.###.#
*****######**##......[..##.##
#8....[_[)...8#.....).>...##
#.............#.##.........#
#.#8#..8..#8#.#..#........##
#.###.....###.#..........##
#....#####W...##.........#
##....)...))...#@.#####...####
.######W))######W## ###....#
.8.......).....8.# ######
#................#
##..###.......##.#
##..####......##.##
.....##......####.# ###
........###..##
#.#######.##### ........#
##))###..##.........#


You could see p0werm0de's ghost.

Vanquished Creatures
  A black bear (D:5)
  2 ogres
  A phantom (D:5)
  2 kobold brigands (Sewer)
  A necrophage (D:5)
  2 scorpions (D:5)
  2 howler monkeys (D:5)
  2 hounds
  6 orc priests
  Jessica (D:2)
  7 orc wizards
  3 gnolls (D:3)
  A river rat (Sewer)
  7 adders
  A shadow imp (D:5)
  An ufetubus (D:5)
  2 worms (D:2)
  2 dart slugs
  23 orcs
  7 ball pythons
  4 bats
  5 endoplasms
  5 giant cockroaches
  7 goblins
  11 hobgoblins
  5 jackals
  11 kobolds
  7 quokkas
  5 frilled lizards
  10 rats
144 creatures vanquished.

Vanquished Creatures (others)
  471 foxfires
471 creatures vanquished.

Grand Total: 615 creatures vanquished

Notes
Turn   | Place    | Note
-------+----------+-------------------------------------------
     0 | D:1      | kae the Demigod Fire Elementalist began the quest for the
                  | Orb.
     0 | D:1      | Reached XP level 1. HP: 14/14 MP: 5/5
   259 | D:1      | Reached skill level 1 in Conjurations
   441 | D:1      | Reached XP level 2. HP: 20/20 MP: 4/7
   447 | D:1      | Reached skill level 3 in Fire Magic
  1072 | D:1      | Found Uxesio's Weapon Emporium.
  1483 | D:1      | Reached XP level 3. HP: 26/26 MP: 6/9
  1486 | D:1      | Learned a level 2 spell: Scorch
  1600 | D:1      | Learned a level 3 spell: Conjure Flame
  1727 | D:2      | Noticed Jessica
  1739 | D:2      | Killed Jessica
  1796 | D:2      | Reached XP level 4. HP: 33/33 MP: 10/10
  2904 | D:3      | Reached XP level 5. HP: 35/38 MP: 10/12
  3466 | D:4      | Reached skill level 4 in Fire Magic
  3611 | D:4      | Identified the +6 trident "Ogreslayer" {vorpal, Fragile
                  | rElec rC++ Str+8}
  3667 | D:4      | Noticed an ogre
  3676 | D:4      | Killed an ogre
  3977 | D:4      | Reached XP level 6. HP: 45/45 MP: 11/14
  4323 | D:4      | Identified a scroll of acquirement
  4324 | D:4      | Acquired the amulet "Onikhleq" {rPois Regen+ Int+4 SInv}
  4365 | D:5      | Entered Level 5 of the Dungeon
  4446 | D:5      | Found a staircase to the Ecumenical Temple.
  4500 | D:5      | Found a glowing drain.
  4509 | Sewer    | Entered a sewer
  4730 | Sewer    | Reached skill level 5 in Fire Magic
  4730 | Sewer    | Reached XP level 7. HP: 50/50 MP: 11/16
  4979 | D:5      | Learned a level 3 spell: Inner Flame
  4984 | D:5      | Learned a level 4 spell: Flame Wave
  5310 | D:5      | Reached skill level 5 in Conjurations
  5426 | D:5      | Reached skill level 5 in Spellcasting
  5617 | D:5      | Found a runed translucent gate.
  5617 | D:5      | Identified the +1 short sword "Notur" {drain, rElec Stlth+}
  5617 | D:5      | Identified the +2 scale mail of Evolution {rC+ Will+}
  5618 | D:5      | Found a runed translucent gate.
  5618 | D:5      | Noticed p0werm0de's ghost (novice VSFi)
  5619 | D:5      | Found a runed translucent gate.
  5619 | D:5      | Identified the +2 leather armour of Feasting {rElec rN++
                  | Int-3}
  5627 | D:5      | Reached XP level 8. HP: 57/57 MP: 16/19
  6236 | D:5      | Reached skill level 6 in Fire Magic
  6563 | D:5      | Mangled by p0werm0de's ghost

Illustrated notes

Levels and vault maps discovered:
D:1:      dpeg_arrival_chambers_temple_mockup, layout_basic, serial_shops,
          nicolae_shop_crystal, hellmonk_ecumenical_altar_lost_god
D:2:      layout_basic, uniq_jessica
D:3:      layout_loops_ring, minmay_misc_feat_iff
D:4:      layout_basic
D:5:      minmay_spotlight, layout_layer_cave, kennysheep_mini,
          minmay_temple_entry_slanted, portal_sewer_entry_a,
          biasface_ghost_orc_armoury

Skill      XL: |  1  2  3  4  5  6  7  8 |
---------------+-------------------------+-----
Conjurations   | 1 2 3 4 5 |  5.4
Spellcasting   | 2 3 4 5 |  5.3
Fire Magic     | 3 4 5 6 |  6.1
Dodging        | |  1.7
Stealth        | |  1.7

Action                   |  1- 3 |  4- 6 |  7- 9 || total
-------------------------+-------+-------+-------++-------
Melee: Unarmed           |    10 |       |       ||    10
       Trident           |       |     3 |    15 ||    18
 Cast: Foxfire           |    84 |   137 |    56 ||   277
       Scorch            |     4 |    21 |     8 ||    33
       Flame Wave        |       |       |     3 ||     3
       Conjure Flame     |       |       |     1 ||     1
  Use: Scroll            |     4 |     9 |     2 ||    15
Armor: Robe              |     2 |    12 |     4 ||    18
Dodge: Dodged            |    23 |    40 |    31 ||    94

Table legend: (Time is in decaauts)
 A = Elapsed time spent in this place.
 B = Non-inter-level travel time spent in this place.
 C = Inter-level travel time spent in this place.
 D = Time resting spent in this place.
 E = Time spent auto-exploring this place.
 F = Levels seen in this place.
 G = Mean time per level.
                   A        B        C        D        E       F      G
               +--------+--------+--------+--------+--------+-----+--------+
         Total |   6593 |   6334 |    259 |    433 |   4865 |   6 | 1098.8 |
       Dungeon |   6259 |   6000 |    259 |    343 |   4679 |   5 | 1251.8 |
         Sewer |    333 |    333 |      0 |     90 |    186 |   1 |  333.0 |
               +--------+--------+--------+--------+--------+-----+--------+

Top non-repeatable levels by time:
     D:5: 1891 daAuts
     D:1: 1640 daAuts
     D:4: 1072 daAuts
     D:2: 837 daAuts
     D:3: 817 daAuts
   Sewer: 333 daAuts
